 Dungeon Crawl Stone Soup version 0.30-a0-879-ga8ba668304 (webtiles) character file.

Game seed: 2673120573780960341

74 DocteurWatson the Magician (level 4, 0/40 HPs)
             Began as a Troll Hedge Wizard on Mar 12, 2023.
             Killed from afar by Natasha (9 damage)
             ... with a magic dart
             ... on level 2 of the Dungeon.
             The game lasted 00:10:33 (1232 turns).

DocteurWatson the Magician (Troll Hedge Wizard)     Turns: 1232, Time: 00:10:34

Health: 0/40       AC:  4    Str: 18    XL:     4   Next: 9%
Magic:  6/6        EV: 10    Int: 10    God:
Gold:   102        SH:  0    Dex: 11    Spells: 6/7 levels left

rFire   . . .      SeeInvis .    a - +0 dagger
rCold   . . .      Faith    .    (no shield)
rNeg    . . .      Spirit   .    b - +0 robe
rPois   .          Reflect  .    c - +0 hat
rElec   .          Rampage  .    (no cloak)
rCorr   +                        (gloves unavailable)
Will    .....                    (boots unavailable)
Stlth   ++                       (no amulet)
HPRegen 1.06/turn                e - ring of resist corrosion
MPRegen 0.10/turn                (no ring)

@: slowed, very slow
A: large, unfitting armour, claws 3, regeneration 1, shaggy fur 1, tough skin 1
a: no special abilities


You were on level 2 of the Dungeon.
You visited 1 branch of the dungeon, and saw 2 of its levels.

You collected 102 gold pieces.

Inventory:

Hand Weapons
 a - a +0 dagger (weapon)
Armour
 b - a +0 robe (worn)
 c - a +0 hat (worn)
Jewellery
 e - a ring of resist corrosion (left claw)
Wands
 l - a wand of paralysis (3)
Scrolls
 f - 2 scrolls of poison {unknown}
 g - 2 scrolls of identify {unknown}
 j - 2 scrolls of teleportation {unknown}
Potions
 d - a potion of magic
 h - a potion of curing
 i - 2 potions of heal wounds {unknown}
 k - a potion of brilliance {unknown}


   Skills:
 + Level 0.4 Fighting
 + Level 0.9 Short Blades
 + Level 2.3 Dodging
 + Level 1.3 Stealth
 + Level 2.4 Spellcasting
 + Level 0.6 Conjurations
 + Level 0.6 Summonings
 + Level 0.6 Translocations


You had 6 spell levels left.
You knew the following spells:

 Your Spells              Type           Power      Damage    Failure   Level
a - Magic Dart            Conj           8%         1d3       24%         1

Your spell library contained the following spells:

 Spells                   Type           Power      Damage    Failure   Level
 Slow                     Hex            4%         N/A       30%         1
 Blink                    Tloc           4%         N/A       34%         2
 Call Imp                 Summ           2%         N/A       34%         2
 Cigotuvi's Dreadful Rot  Necr/Pois/Air  2%         N/A       41%         2
 Mephitic Cloud           Conj/Pois/Air  1%         N/A       63%         3


Dungeon Overview and Level Annotations

Branches:
Dungeon (2/15)

Altars:

Annotations:
D:2 Natasha


Innate Abilities, Weirdness & Mutations

You are too large for most types of armour.
You have claws for hands.
Your natural rate of healing is unusually fast.
You are covered in fur. (AC +1)
You have tough skin. (AC +1)


Message History

Pain shoots through your body!
* * * LOW HITPOINT WARNING * * *
Natasha claws you.
* * * LOW HITPOINT WARNING * * *
Natasha attacks as you move away! Natasha barely misses you.
The shadow imp attacks as you move away!
The shadow imp hits you but does no damage.
Natasha casts a spell.
The shadow imp hits you but does no damage.
You see here a +0 leather armour.
The shadow imp hits you but does no damage.
The crimson imp spits at you. Natasha barely misses you.
The shadow imp laughs crazily.
The shadow imp hits you.
* * * LOW HITPOINT WARNING * * *
The shadow imp attacks as you move away!
The shadow imp hits you but does no damage.
You feel yourself speed up. Natasha claws you!
* * * LOW HITPOINT WARNING * * *
The crimson imp sputters.
Natasha attacks as you move away! Natasha closely misses you.
The shadow imp grins evilly.
Natasha stares at you and mumbles some strange words.
The magic dart hits you.
* * * LOW HITPOINT WARNING * * *
The shadow imp disappears in a puff of smoke!
Natasha howls an incantation.
Natasha shimmers violently.
Natasha closely misses you. Natasha attacks as you move away!
Natasha claws you.
* * * LOW HITPOINT WARNING * * *
The iron imp disappears in a puff of smoke!
The crimson imp disappears in a puff of smoke!
Natasha stares at you and mumbles some strange words.
You feel yourself slow down.
Natasha stares at you and mumbles some strange words.
The magic dart hits you!
You die...

##.##..........##.##.#.#
#...#.###.####.##......#
##.##.# #.####.#####.###
#.##.# #............#
#.##.#####.##########
#......# #.# ##
#.>###.###.#### .# #..#
#.#......# .# #..###.....
#@# .###......#.####.#
.....##......[.#h#######
#.
.##.......#.P#....~~P.P#
#.
.##.#######).#.....P...#
#.# .##.#
#...#..P~.P..###.####
#...####
###..#..⌠⌠...........###
.......#
#....#..P......##.......
))####>
##.#..#....~..P.#.....##.


You could see Natasha.

Vanquished Creatures
  Jessica (D:2)
  An adder (D:2)
  4 ball pythons (D:1)
  3 bats (D:1)
  7 endoplasms
  A giant cockroach (D:1)
  4 hobgoblins
  A quokka (D:1)
  A frilled lizard (D:2)
  5 goblins
  5 kobolds
  4 rats
37 creatures vanquished.

Vanquished Creatures (others)
  3 plants (D:2)
3 creatures vanquished.

Grand Total: 40 creatures vanquished

Notes
Turn   | Place    | Note
-------+----------+-------------------------------------------
     0 | D:1      | DocteurWatson the Troll Hedge Wizard began the quest for
                  | the Orb.
     0 | D:1      | Reached XP level 1. HP: 16/16 MP: 2/2
   119 | D:1      | Reached XP level 2. HP: 24/24 MP: 4/4
   163 | D:1      | You fall into a shaft and drop 1 floor!
   664 | D:1      | Reached XP level 3. HP: 30/31 MP: 5/5
  1058 | D:2      | Found a faded altar of an unknown god.
  1136 | D:2      | Noticed Jessica
  1165 | D:2      | Killed Jessica
  1166 | D:2      | Reached XP level 4. HP: 23/40 MP: 6/6
  1184 | D:2      | Noticed Natasha
  1232 | D:2      | Killed from afar by Natasha

Illustrated notes

Levels and vault maps discovered:
D:1:      psy_arrival_conway, layout_loops_ring, kennysheep_doodads
D:2:      layout_loops_cross, shapermc_ecumenical_altar_mp_ritualfount,
          uniq_jessica, uniq_natasha

Skill      XL: |  1  2 |
---------------+-------+-----
Dodging        | 2 |  2.3
Fighting       | |  0.4
Short Blades   | |  0.9
Stealth        | |  1.3
Spellcasting   | |  2.4
Conjurations   | |  0.6
Summonings     | |  0.6
Translocations | |  0.6

Action                     |  1- 3 |  4- 6 || total
---------------------------+-------+-------++-------
  Melee: Dagger            |   223 |    12 ||   235
         Punch             |     4 |       ||     4
    Use: Scroll            |     1 |       ||     1
         Potion            |     1 |       ||     1
   Stab: Sleeping          |     1 |       ||     1
 Armour: Robe              |    86 |     6 ||    92
  Dodge: Dodged            |   124 |    17 ||   141

Table legend: (Time is in decaauts)
 A = Elapsed time spent in this place.
 B = Non-inter-level travel time spent in this place.
 C = Inter-level travel time spent in this place.
 D = Time resting spent in this place.
 E = Time spent auto-exploring this place.
 F = Levels seen in this place.
 G = Mean time per level.
                   A        B        C        D        E       F      G
               +--------+--------+--------+--------+--------+-----+--------+
         Total |   1251 |   1251 |      0 |     12 |      0 |   2 |  625.5 |
       Dungeon |   1251 |   1251 |      0 |     12 |      0 |   2 |  625.5 |
               +--------+--------+--------+--------+--------+-----+--------+

Top non-repeatable levels by time:
     D:1: 779 daAuts
     D:2: 471 daAuts
